 Dungeon Crawl Stone Soup version 0.22-a0-354-g30dfbe6fde (webtiles) character file.

1556 MirrMurr the Spear-Bearer (level 8, 0/71 HPs)
             Began as a Centaur Berserker on Apr 17, 2018.
             Was a Priest of Trog.
             Slain by a mummy (13 damage)
             ... in an ossuary.
             The game lasted 00:10:57 (5373 turns).

MirrMurr the Spear-Bearer (Centaur Berserker)       Turns: 5373, Time: 00:10:58

Health: 0/71       AC:  8    Str: 21    XL:     8   Next: 58%
Magic:  8/8        EV:  8    Int:  6    God:    Trog [***...]
Gold:   285        SH:  0    Dex: 10    Spells: 7/7 levels left

rFire    . . .     SeeInvis .   a - +0 trident
rCold    . . .     Gourm    .   (no shield)
rNeg     . . .     Faith    .   q - +2 scale mail
rPois    .         Spirit   .   (no helmet)
rElec    .         Reflect  .   (no cloak)
rCorr    .         Harm     .   (no gloves)
MR       ++...                  (no barding)
Stlth    ..........             (no amulet)
HPRegen  1.21/turn              (no ring)
MPRegen  0.11/turn              (no ring)

@: regenerating, very quick
A: large, hooves 3, deformed body, speed 2, tough skin 3
a: Berserk, Trog's Hand, Renounce Religion


You were in an ossuary.
You worshipped Trog.
Trog was most pleased with you.
You were not hungry.

You visited 1 branch of the dungeon, and saw 6 of its levels.
You also visited: Ossuary.

You collected 285 gold pieces.

Inventory:

Hand Weapons
 a - a +0 trident (weapon)
 h - a +0 hunting sling
Missiles
 d - 141 stones (quivered)
 i - 62 arrows
 k - 8 poisoned needles
Armour
 q - a +2 scale mail (worn)
 v - a +0 plate armour
Jewellery
 g - an uncursed ring of fire {unknown}
Wands
 t - a wand of paralysis (2)
Scrolls
 e - a scroll of teleportation
 n - a scroll of enchant weapon {unknown}
 r - a scroll of identify
 w - a scroll of enchant armour
Potions
 b - a potion of lignification {unknown}
 f - a potion of brilliance
 j - a potion of mutation
 m - 2 potions of haste
 o - a potion of degeneration {unknown}
 p - 3 potions of curing
Comestibles
 c - 8 rations
 l - 6 chunks of flesh


   Skills:
 + Level 6.9 Fighting
 * Level 8.6 Polearms
 - Level 1.3 Armour
 - Level 1.3 Dodging


You had 7 spell levels left.
You didn't know any spells.

Dungeon Overview and Level Annotations

Branches:
Dungeon (6/15)
 Temple: D:4-7

Altars:
Cheibriados
Gozag
Hepliaklqana
Okawaru
Ru
Vehumet
Yredelemnul
The Shining One


Innate Abilities, Weirdness & Mutations

You have hooves in place of feet.
Armour fits poorly on your strangely shaped body.
You cover ground very quickly.
You have extremely tough skin. (AC +3)


Message History

Okay, then.
Your skin crawls.
You feel resistant to hostile enchantments.
You feel somewhat more hungry.
You found an arrow trap!
You found an alarm trap!
There is a gate leading back out of this place here.
Unknown command.
An arrow hits the mummy!
You puncture the mummy!
The mummy is severely damaged.
The mummy hits you!
* * * LOW HITPOINT WARNING * * *
The mummy hits you but does no damage.
You hit the mummy.
The mummy is almost destroyed.
You closely miss the mummy. You kick the mummy.
The mummy is almost destroyed.
You recover from your berserk rage.
The mummy hits you!
You die...

#########
#+#+#.......###
....^..^......##
........M......#
.......@M∩.....#
........M......#
..............##
#+#+#.......###
#########


You could see 3 mummies.

Vanquished Creatures
  The ghost of FollowTheCloud the Slasher, a novice HuBe of Trog (D:3)
  A hippogriff (D:6)
  A water moccasin (D:6)
  A sky beast (D:2)
  A phantom (D:6)
  3 bullfrogs
  A gnoll sergeant (D:4)
  A howler monkey (D:2)
  2 crimson imps (D:5)
  3 centaur skeletons
  An orc wizard (D:6)
  An iguana (D:6)
  4 worker ants
  A hound skeleton (D:2)
  7 adders
  4 gnolls (D:4)
  2 oozes
  2 adder skeletons
  3 worms
  A leopard gecko (D:4)
  8 orcs
  8 bats
  3 giant cockroaches
  6 goblins
  4 hobgoblins
  7 jackals
  A ball python (D:1)
  5 frilled lizards
  5 kobolds
  A leopard gecko skeleton (D:6)
  A quokka skeleton (D:5)
  12 rats
102 creatures vanquished.

Notes
Turn   | Place    | Note
-------+----------+-------------------------------------------
     0 | D:1      | MirrMurr the Centaur Berserker began the quest for the Orb.
     0 | D:1      | Reached XP level 1. HP: 19/19 MP: 1/1
    45 | D:1      | Reached skill level 3 in Polearms
   121 | D:1      | Reached XP level 2. HP: 22/26 MP: 2/2
   792 | D:2      | Noticed a sky beast
  1067 | D:2      | Reached XP level 3. HP: 27/31 MP: 3/3
  1441 | D:2      | Reached skill level 4 in Polearms
  1441 | D:2      | Reached XP level 4. HP: 40/40 MP: 4/4
  1724 | D:2      | Reached ** piety under Trog
  2020 | D:2      | Killed a sky beast
  2020 | D:2      | Reached skill level 5 in Polearms
  2020 | D:2      | Reached XP level 5. HP: 20/47 MP: 5/5
  2308 | D:3      | Noticed FollowTheCloud's ghost (novice HuBe)
  2348 | D:3      | Killed FollowTheCloud's ghost
  2348 | D:3      | Reached skill level 5 in Fighting
  2348 | D:3      | Reached skill level 6 in Polearms
  2348 | D:3      | Reached XP level 6. HP: 41/56 MP: 6/6
  2348 | D:3      | Reached XP level 7. HP: 44/61 MP: 7/7
  2881 | D:3      | Found a basalt altar of Yredelemnul.
  3075 | D:3      | Found an iron altar of Okawaru.
  3078 | D:3      | Found a glowing golden altar of the Shining One.
  3081 | D:3      | Found a radiant altar of Vehumet.
  3084 | D:3      | Found a snail-covered altar of Cheibriados.
  3204 | D:4      | Lost intelligence.
  3466 | D:4      | Found an opulent altar of Gozag.
  3825 | D:4      | Reached skill level 7 in Polearms
  3895 | D:4      | Found a sacrificial altar of Ru.
  4204 | D:5      | Entered Level 5 of the Dungeon
  4514 | D:5      | Reached *** piety under Trog
  5031 | D:6      | Reached XP level 8. HP: 69/70 MP: 8/8
  5185 | D:6      | Found a hazy altar of Hepliaklqana.
  5221 | D:6      | Noticed a hippogriff
  5230 | D:6      | Killed a hippogriff
  5230 | D:6      | Reached skill level 8 in Polearms
  5329 | D:6      | Found a sand-covered staircase.
  5360 | Ossuary  | Entered an ossuary
  5373 | Ossuary  | Slain by a mummy

Vault maps used:
D:1:      onia_arrival_handbag, serial_bayou_ford_a, minmay_cupped
D:3:      grunt_temple_overflow_cloverleaf, nicolae_overflow_hidden_temple,
          first_ration
D:4:      nicolae_ru_path_of_blood,
          nicolae_gozag_cash_rules_everything_around_me
D:6:      minmay_cornered_nines, chequers_temple_overflow_minitemple,
          lemuel_doored_altar, nicolae_ossuary_entry_ruins,
          portal_sewer_entry_f, dk_rats_in_the_wall
Ossuary:  ossuary_the_hunt_dpeg

Skill      XL: |  1  2  3  4  5  6  7  8 |
---------------+-------------------------+-----
Polearms       | 3 4 5 6 7 8 |  8.6
Fighting       | 4 5 6 |  6.9
Armour         | |  1.3
Dodging        | |  1.3

Action                   |  1- 3 |  4- 6 |  7- 9 || total
-------------------------+-------+-------+-------++-------
Melee: Spear             |   120 |    64 |   203 ||   387
       Kick              |    15 |    11 |    50 ||    76
       Trident           |       |       |    16 ||    16
Invok: Berserk           |       |     2 |     3 ||     5
       Trog's Hand       |       |     1 |     3 ||     4
  Use: Scroll            |     2 |       |    14 ||    16
       Potion            |       |       |     1 ||     1
  Eat: Chunk             |     1 |       |    13 ||    14
       Ration            |       |     1 |       ||     1
Armor: Animal skin       |    29 |     8 |     9 ||    46
       Scale mail        |       |       |    47 ||    47
Dodge: Dodged            |    34 |    13 |    44 ||    91

Table legend:
 A = Spawn XP
 B = Non-spawn XP
 C = Spawn XP percentage of total XP
 D = Spawn monster count
 E = Non-spawn monster count
 F = Spawn count percentage of total count
 G = Total turns spent on level
                    A         B        C        D         E        F      G
               +---------+---------+-------+---------+---------+-------+---------
         Total |       0 |    2223 |   0.0 |       0 |     102 |   0.0 |  5373
               +---------+---------+-------+---------+---------+-------+---------
           D:1 |       0 |      31 |   0.0 |       0 |      19 |   0.0 |  1202
           D:2 |       0 |     283 |   0.0 |       0 |      27 |   0.0 |  1147
           D:3 |       0 |     541 |   0.0 |       0 |      13 |   0.0 |   852
           D:4 |       0 |     311 |   0.0 |       0 |      17 |   0.0 |  1003
           D:5 |       0 |     219 |   0.0 |       0 |      10 |   0.0 |   821
           D:6 |       0 |     838 |   0.0 |       0 |      16 |   0.0 |   335
               +---------+---------+-------+---------+---------+-------+---------
